[ PARTIDA AOE2 · #459671982 ]
UnrankedVikingos vs Cumans
[ ANÁLISIS DE REPETICIÓN · EXTRAÍDO DE LA PARTIDA GRABADA ]
Feudal
14:12
Castillos
22:53
Imperial
47:38
| APM promedio | 37.9 |
| APM pico | 68 |
| eAPM promedio | 21.8 |
| Aldeanos / militares | 178 / 204 |
Foco
⚔️ 32.1% · 🌾 67.9%
Berserk ×139 · Archer ×26 · Mangonel ×21 · Trebuchet (Packed) ×6 · Monk ×5 · Spearman ×4
Feudal
15:01
Castillos
18:56
Imperial
42:37
| APM promedio | 28.3 |
| APM pico | 57 |
| eAPM promedio | 19.8 |
| Aldeanos / militares | 199 / 474 |
Foco
⚔️ 30.1% · 🌾 69.9%
Militia ×284 · Spearman ×97 · Knight ×79 · Serjeant ×10 · Trebuchet (Packed) ×3 · Monk ×1
Feudal
14:58
Castillos
18:34
Imperial
32:14
| APM promedio | 32.1 |
| APM pico | 110 |
| eAPM promedio | 18.9 |
| Aldeanos / militares | 136 / 467 |
Foco
⚔️ 41.5% · 🌾 58.5%
Militia ×408 · Composite Bowman ×53 · Trebuchet (Packed) ×6
Feudal
15:49
Castillos
20:05
Imperial
48:22
| APM promedio | 42.6 |
| APM pico | 84 |
| eAPM promedio | 21.4 |
| Aldeanos / militares | 120 / 341 |
Foco
⚔️ 27.1% · 🌾 72.9%
Camel Scout ×195 · Scout Cavalry ×82 · Gbeto ×59 · Trebuchet (Packed) ×3 · Battering Ram ×2
Feudal
14:04
Castillos
19:13
Imperial
40:23
| APM promedio | 47.3 |
| APM pico | 103 |
| eAPM promedio | 27.8 |
| Aldeanos / militares | 219 / 255 |
Foco
⚔️ 47.1% · 🌾 52.9%
Arambai ×190 · Spearman ×30 · Scout Cavalry ×18 · Trebuchet (Packed) ×15 · Militia ×2
Feudal
14:29
Castillos
18:46
Imperial
52:54
| APM promedio | 47.3 |
| APM pico | 90 |
| eAPM promedio | 21.9 |
| Aldeanos / militares | 135 / 165 |
Foco
⚔️ 27.2% · 🌾 72.8%
Organ Gun ×76 · Knight ×45 · Scout Cavalry ×41 · Trebuchet (Packed) ×2 · Monk ×1
Feudal
15:18
Castillos
26:30
Imperial
53:16
| APM promedio | 44.7 |
| APM pico | 100 |
| eAPM promedio | 27.1 |
| Aldeanos / militares | 184 / 126 |
Foco
⚔️ 28.5% · 🌾 71.5%
Scout Cavalry ×67 · Kipchak ×28 · Knight ×12 · Scorpion ×8 · Spearman ×5 · Trebuchet (Packed) ×3
Feudal
14:11
Castillos
20:47
Imperial
44:42
| APM promedio | 22.6 |
| APM pico | 43 |
| eAPM promedio | 16.4 |
| Aldeanos / militares | 334 / 157 |
Foco
⚔️ 23.6% · 🌾 76.4%
Battle Elephant ×67 · Karambit Warrior ×49 · Spearman ×37 · Battering Ram ×4
Mapa de la partida
Recursos iniciales + cada clic de construcción. Líneas = muros · curvas = relieve. ◆ oro · ⬟ piedra · ● bayas · ✦ reliquia · ◌ hueco del cierre
Tu base· Abierta — flanco sin cerrar
Base de iepsy· Abierta — flanco sin cerrar
Base de 探吉教~NOMO· Abierta — hueco de 6t
Base de 天骰· Abierta — flanco sin cerrar
Base de 馬摩· Abierta — hueco de 5t
Base de Jeta· Abierta — flanco sin cerrar
Base de AgeOf59_GrandpaTV· Abierta — hueco de 6t
Base de 麻辣牛牛· Abierta — flanco sin cerrar
Terreno inicial suavizado · ◌ = hueco del cierre detectado · pasá el cursor para detalles
Inputs por minuto
— 探吉教~Iron man - - iepsy
Build order — 探吉教~Iron man
Primeras 150 de 592 acciones detectadas
| 0:46 | Construir | Town Center |
| 2:04 | Construir | House |
| 2:48 | Crear | Villager (Male) |
| 2:48 | Crear | Villager (Male) |
| 3:05 | Crear | Villager (Male) |
| 3:06 | Crear | Villager (Male) |
| 3:06 | Crear | Villager (Male) |
| 3:19 | Construir | House |
| 3:22 | Construir | House |
| 3:34 | Construir | House |
| 4:48 | Crear | Villager (Male) |
| 4:58 | Construir | House |
| 5:13 | Crear | Villager (Male) |
| 5:13 | Crear | Villager (Male) |
| 5:24 | Crear | Villager (Male) |
| 5:40 | Investigar | Loom |
| 6:30 | Crear | Villager (Male) |
| 6:30 | Crear | Villager (Male) |
| 6:31 | Crear | Villager (Male) |
| 6:31 | Crear | Villager (Male) |
| 6:31 | Crear | Villager (Male) |
| 6:51 | Construir | House |
| 7:05 | Construir | House |
| 7:42 | Construir | House |
| 7:56 | Crear | Villager (Male) |
| 7:56 | Crear | Villager (Male) |
| 8:22 | Construir | House |
| 8:26 | Crear | Villager (Male) |
| 8:26 | Crear | Villager (Male) |
| 8:26 | Crear | Villager (Male) |
| 8:57 | Construir | Palisade Wall |
| 8:57 | Construir | Palisade Wall |
| 8:58 | Construir | Palisade Wall |
| 8:59 | Construir | Palisade Wall |
| 9:00 | Construir | Palisade Wall |
| 9:36 | Crear | Villager (Male) |
| 9:36 | Crear | Villager (Male) |
| 9:36 | Crear | Villager (Male) |
| 9:36 | Crear | Villager (Male) |
| 10:14 | Construir | House |
| 10:28 | Construir | Mill |
| 11:26 | Construir | Lumber Camp |
| 11:30 | Crear | Villager (Male) |
| 12:02 | Investigar | Feudal Age |
| 13:07 | Construir | Barracks |
| 14:12 | Edad | Edad Feudal |
| 14:15 | Construir | House |
| 14:16 | Construir | House |
| 14:18 | Crear | Villager (Male) |
| 14:18 | Crear | Villager (Male) |
| 14:24 | Construir | Stable |
| 14:35 | Construir | House |
| 14:46 | Investigar | Double-Bit Axe |
| 15:07 | Crear | Scout Cavalry |
| 15:08 | Crear | Scout Cavalry |
| 15:10 | Crear | Villager (Male) |
| 15:10 | Crear | Villager (Male) |
| 15:27 | Construir | Mining Camp |
| 15:40 | Crear | Villager (Male) |
| 15:41 | Crear | Villager (Male) |
| 16:06 | Crear | Scout Cavalry |
| 16:14 | Construir | Blacksmith |
| 16:23 | Crear | Villager (Male) |
| 16:26 | Construir | Mill |
| 16:56 | Construir | Market |
| 17:08 | Crear | Villager (Male) |
| 17:08 | Crear | Villager (Male) |
| 17:12 | Construir | House |
| 17:13 | Construir | House |
| 18:10 | Crear | Villager (Male) |
| 18:10 | Crear | Villager (Male) |
| 19:11 | Crear | Villager (Male) |
| 19:15 | Construir | Mining Camp |
| 20:13 | Investigar | Castle Age |
| 20:22 | Construir | Watch Tower |
| 20:34 | Construir | Watch Tower |
| 22:03 | Construir | Lumber Camp |
| 22:53 | Edad | Edad de los Castillos |
| 22:57 | Investigar | Town Watch |
| 23:04 | Construir | Town Center |
| 23:27 | Construir | Town Center |
| 24:09 | Crear | Villager (Male) |
| 24:10 | Crear | Villager (Male) |
| 24:10 | Crear | Villager (Male) |
| 24:29 | Crear | Villager (Male) |
| 24:29 | Crear | Villager (Male) |
| 24:44 | Construir | Mining Camp |
| 24:53 | Construir | Monastery |
| 25:20 | Crear | Villager (Male) |
| 25:20 | Crear | Villager (Male) |
| 25:22 | Crear | Villager (Male) |
| 25:22 | Crear | Villager (Male) |
| 25:22 | Crear | Villager (Male) |
| 25:32 | Crear | Monk |
| 26:02 | Construir | Town Center |
| 26:26 | Crear | Villager (Male) |
| 26:27 | Crear | Villager (Male) |
| 26:30 | Crear | Villager (Male) |
| 26:31 | Crear | Villager (Male) |
| 27:15 | Construir | Siege Workshop |
| 27:17 | Construir | House |
| 27:19 | Crear | Villager (Male) |
| 27:19 | Crear | Villager (Male) |
| 27:51 | Crear | Villager (Male) |
| 27:52 | Crear | Villager (Male) |
| 27:52 | Crear | Villager (Male) |
| 28:10 | Crear | Mangonel |
| 28:21 | Crear | Villager (Male) |
| 28:23 | Crear | Villager (Male) |
| 28:54 | Investigar | Horse Collar |
| 29:22 | Crear | Villager (Male) |
| 29:22 | Crear | Villager (Male) |
| 29:59 | Crear | Villager (Male) |
| 30:05 | Crear | Villager (Male) |
| 30:05 | Crear | Villager (Male) |
| 30:12 | Construir | Farm |
| 30:12 | Construir | Farm |
| 30:13 | Construir | Farm |
| 30:13 | Construir | Farm |
| 30:28 | Construir | Town Center |
| 30:38 | Crear | Villager (Male) |
| 30:39 | Crear | Villager (Male) |
| 31:21 | Crear | Mangonel |
| 31:27 | Crear | Villager (Male) |
| 31:27 | Crear | Villager (Male) |
| 31:28 | Construir | Farm |
| 31:28 | Construir | Farm |
| 31:33 | Construir | Farm |
| 31:34 | Construir | Farm |
| 31:38 | Construir | Farm |
| 31:49 | Crear | Monk |
| 31:54 | Construir | House |
| 31:56 | Construir | House |
| 32:14 | Crear | Villager (Male) |
| 32:14 | Crear | Villager (Male) |
| 32:38 | Crear | Villager (Male) |
| 32:38 | Crear | Villager (Male) |
| 32:42 | Construir | Farm |
| 32:42 | Construir | Farm |
| 32:58 | Crear | Villager (Male) |
| 32:58 | Crear | Villager (Male) |
| 33:06 | Construir | Town Center |
| 33:37 | Construir | Stone Wall |
| 33:58 | Crear | Villager (Male) |
| 33:58 | Crear | Villager (Male) |
| 33:59 | Crear | Villager (Male) |
| 33:59 | Crear | Villager (Male) |
| 34:02 | Construir | House |
| 34:02 | Construir | House |
| 34:03 | Construir | House |
Build order — iepsy
Primeras 150 de 615 acciones detectadas
| 0:42 | Construir | Town Center |
| 0:57 | Construir | Palisade Wall |
| 0:59 | Construir | Palisade Wall |
| 1:01 | Construir | Palisade Wall |
| 1:02 | Construir | Palisade Wall |
| 1:54 | Construir | House |
| 2:52 | Crear | Villager (Male) ×4 |
| 2:54 | Construir | House |
| 4:21 | Construir | House |
| 4:27 | Crear | Villager (Male) |
| 4:55 | Construir | Lumber Camp |
| 5:05 | Crear | Villager (Male) |
| 5:08 | Investigar | Loom |
| 6:00 | Crear | Villager (Male) |
| 6:01 | Crear | Villager (Male) |
| 7:01 | Crear | Villager (Male) |
| 7:02 | Crear | Villager (Male) |
| 7:28 | Crear | Villager (Male) |
| 7:28 | Crear | Villager (Male) |
| 7:47 | Construir | Mill |
| 8:27 | Crear | Villager (Male) |
| 8:28 | Crear | Villager (Male) |
| 8:28 | Crear | Villager (Male) |
| 8:28 | Crear | Villager (Male) |
| 8:29 | Crear | Villager (Male) |
| 8:53 | Crear | Villager (Male) |
| 8:58 | Construir | House |
| 10:07 | Crear | Villager (Male) |
| 10:50 | Construir | Mill |
| 11:18 | Crear | Villager (Male) |
| 11:18 | Crear | Villager (Male) |
| 11:19 | Crear | Villager (Male) |
| 12:29 | Investigar | Feudal Age |
| 13:11 | Construir | Mining Camp |
| 13:38 | Construir | House |
| 13:39 | Construir | House |
| 14:24 | Construir | Palisade Wall |
| 14:33 | Crear | Villager (Male) |
| 14:33 | Crear | Villager (Male) |
| 15:01 | Edad | Edad Feudal |
| 15:06 | Construir | Market |
| 15:11 | Construir | Blacksmith |
| 15:14 | Crear | Villager (Male) |
| 15:38 | Construir | Lumber Camp |
| 16:14 | Investigar | Castle Age |
| 16:51 | Investigar | Double-Bit Axe |
| 17:19 | Investigar | Horse Collar |
| 17:32 | Construir | Farm |
| 17:33 | Construir | Farm |
| 17:34 | Construir | Farm |
| 17:35 | Construir | Farm |
| 17:43 | Investigar | Horse Collar |
| 18:37 | Crear | Villager (Male) |
| 18:38 | Crear | Villager (Male) |
| 18:54 | Crear | Villager (Male) |
| 18:55 | Crear | Villager (Male) |
| 18:56 | Edad | Edad de los Castillos |
| 19:00 | Construir | Town Center |
| 19:13 | Construir | Town Center |
| 19:17 | Crear | Villager (Male) |
| 19:26 | Investigar | Bow Saw |
| 19:42 | Crear | Villager (Male) |
| 19:57 | Construir | Palisade Wall |
| 20:05 | Crear | Villager (Male) |
| 20:06 | Crear | Villager (Male) |
| 20:06 | Crear | Villager (Male) |
| 20:08 | Construir | Farm |
| 20:08 | Construir | Farm |
| 20:08 | Construir | Farm |
| 20:08 | Construir | Farm |
| 20:09 | Construir | Farm |
| 20:09 | Construir | Farm |
| 20:12 | Crear | Villager (Male) |
| 20:26 | Construir | Farm |
| 20:26 | Construir | Farm |
| 20:27 | Construir | Farm |
| 20:28 | Construir | Farm |
| 20:32 | Construir | Farm |
| 20:33 | Construir | Farm |
| 20:34 | Crear | Villager (Male) |
| 20:42 | Crear | Villager (Male) |
| 20:42 | Crear | Villager (Male) |
| 20:54 | Construir | Farm |
| 20:59 | Crear | Villager (Male) |
| 21:13 | Construir | House |
| 21:14 | Construir | House |
| 21:15 | Construir | House |
| 21:16 | Crear | Villager (Male) |
| 21:17 | Crear | Villager (Male) |
| 21:23 | Crear | Villager (Male) |
| 21:26 | Construir | Farm |
| 21:28 | Construir | Farm |
| 21:50 | Crear | Villager (Male) |
| 21:55 | Construir | Mining Camp |
| 21:56 | Crear | Villager (Male) |
| 21:56 | Crear | Villager (Male) |
| 21:58 | Construir | House |
| 22:04 | Crear | Villager (Male) |
| 22:09 | Construir | Farm |
| 22:11 | Construir | Farm |
| 22:13 | Crear | Villager (Male) |
| 22:24 | Crear | Villager (Male) |
| 22:33 | Construir | Farm |
| 22:34 | Construir | Farm |
| 22:35 | Construir | Farm |
| 22:36 | Construir | Farm |
| 22:38 | Construir | Farm |
| 22:39 | Construir | Mill |
| 22:41 | Crear | Villager (Male) |
| 22:41 | Crear | Villager (Male) |
| 22:42 | Crear | Villager (Male) |
| 22:48 | Crear | Villager (Male) |
| 23:12 | Construir | House |
| 23:12 | Construir | House |
| 23:16 | Crear | Villager (Male) |
| 23:17 | Crear | Villager (Male) |
| 23:27 | Crear | Villager (Male) |
| 23:27 | Crear | Villager (Male) |
| 23:31 | Construir | Farm |
| 23:34 | Construir | Farm |
| 23:34 | Construir | Farm |
| 23:37 | Construir | Farm |
| 23:41 | Construir | Farm |
| 23:42 | Construir | Farm |
| 23:43 | Construir | Farm |
| 23:46 | Construir | Farm |
| 23:46 | Construir | Farm |
| 23:48 | Construir | Farm |
| 23:48 | Crear | Villager (Male) |
| 23:49 | Crear | Villager (Male) |
| 23:49 | Crear | Villager (Male) |
| 23:54 | Crear | Villager (Male) |
| 24:00 | Construir | House |
| 24:03 | Construir | House |
| 24:07 | Construir | Building 490 |
| 24:15 | Construir | Stone Wall |
| 24:16 | Construir | Stone Wall |
| 24:18 | Crear | Villager (Male) |
| 24:19 | Crear | Villager (Male) |
| 24:19 | Crear | Villager (Male) |
| 24:31 | Construir | Mill |
| 24:32 | Construir | Farm |
| 24:33 | Construir | Farm |
| 24:33 | Construir | Farm |
| 24:33 | Construir | Farm |
| 24:33 | Construir | Farm |
| 24:40 | Crear | Villager (Male) |
| 24:41 | Crear | Villager (Male) |
| 24:41 | Crear | Villager (Male) |
| 24:48 | Construir | Lumber Camp |
Build order — 探吉教~NOMO
Primeras 150 de 601 acciones detectadas
| 0:40 | Construir | Town Center |
| 2:52 | Construir | House |
| 3:27 | Crear | Villager (Male) |
| 3:27 | Crear | Villager (Male) |
| 3:27 | Crear | Villager (Male) |
| 3:27 | Crear | Villager (Male) |
| 4:55 | Construir | House |
| 5:00 | Crear | Villager (Male) |
| 5:36 | Crear | Villager (Male) |
| 5:36 | Crear | Villager (Male) |
| 5:39 | Investigar | Loom |
| 6:33 | Crear | Villager (Male) |
| 6:33 | Crear | Villager (Male) |
| 6:47 | Crear | Villager (Male) |
| 6:59 | Crear | Villager (Male) |
| 7:03 | Crear | Villager (Male) |
| 7:04 | Crear | Villager (Male) |
| 7:40 | Crear | Villager (Male) |
| 7:57 | Construir | House |
| 8:02 | Crear | Villager (Male) |
| 8:19 | Crear | Villager (Male) |
| 8:48 | Crear | Villager (Male) |
| 9:25 | Construir | Mill |
| 9:33 | Crear | Villager (Male) |
| 10:00 | Crear | Villager (Male) |
| 10:09 | Construir | House |
| 11:17 | Construir | Mill |
| 11:24 | Crear | Villager (Male) |
| 11:25 | Crear | Villager (Male) |
| 12:10 | Construir | Mule Cart |
| 12:14 | Crear | Villager (Male) |
| 12:42 | Investigar | Feudal Age |
| 14:01 | Construir | House |
| 14:05 | Crear | Villager (Male) |
| 14:05 | Crear | Villager (Male) |
| 14:58 | Edad | Edad Feudal |
| 15:03 | Construir | Market |
| 15:17 | Construir | Blacksmith |
| 15:54 | Investigar | Castle Age |
| 16:01 | Construir | Mule Cart |
| 16:34 | Investigar | Double-Bit Axe |
| 16:34 | Investigar | Double-Bit Axe |
| 16:48 | Investigar | Horse Collar |
| 16:48 | Investigar | Horse Collar |
| 16:52 | Construir | Farm |
| 16:54 | Construir | Farm |
| 16:55 | Construir | Farm |
| 16:57 | Construir | Farm |
| 17:05 | Construir | Farm |
| 17:12 | Construir | Farm |
| 17:32 | Construir | House |
| 17:35 | Construir | House |
| 17:48 | Crear | Villager (Male) |
| 18:02 | Construir | Farm |
| 18:23 | Crear | Villager (Male) |
| 18:24 | Crear | Villager (Male) |
| 18:34 | Edad | Edad de los Castillos |
| 18:42 | Construir | Town Center |
| 18:48 | Crear | Villager (Male) |
| 19:11 | Crear | Villager (Male) |
| 19:25 | Construir | Town Center |
| 19:33 | Crear | Villager (Male) |
| 19:38 | Construir | Farm |
| 19:44 | Construir | Farm |
| 19:48 | Crear | Villager (Male) |
| 20:00 | Crear | Villager (Male) |
| 20:15 | Crear | Villager (Male) |
| 20:22 | Construir | House |
| 20:24 | Construir | House |
| 20:29 | Investigar | Bow Saw |
| 20:30 | Investigar | Bow Saw |
| 20:38 | Crear | Villager (Male) |
| 20:48 | Construir | Farm |
| 20:51 | Construir | Farm |
| 20:55 | Construir | Farm |
| 20:58 | Crear | Villager (Male) |
| 21:15 | Crear | Villager (Male) |
| 21:20 | Construir | Farm |
| 21:27 | Construir | Farm |
| 21:34 | Crear | Villager (Male) |
| 21:41 | Crear | Villager (Male) |
| 21:51 | Construir | House |
| 21:52 | Construir | House |
| 22:01 | Construir | Farm |
| 22:02 | Construir | Farm |
| 22:02 | Construir | Farm |
| 22:03 | Construir | Farm |
| 22:07 | Crear | Villager (Male) |
| 22:07 | Crear | Villager (Male) |
| 22:18 | Construir | Farm |
| 22:19 | Construir | Farm |
| 22:23 | Crear | Villager (Male) |
| 22:25 | Crear | Villager (Male) |
| 22:30 | Construir | Farm |
| 22:31 | Construir | Farm |
| 22:38 | Crear | Villager (Male) |
| 23:14 | Crear | Villager (Male) |
| 23:15 | Crear | Villager (Male) |
| 23:15 | Crear | Villager (Male) |
| 23:22 | Construir | Farm |
| 23:23 | Construir | Farm |
| 23:28 | Crear | Villager (Male) |
| 23:29 | Crear | Villager (Male) |
| 23:44 | Construir | Town Center |
| 23:46 | Crear | Villager (Male) |
| 23:47 | Crear | Villager (Male) |
| 23:47 | Crear | Villager (Male) |
| 23:54 | Crear | Villager (Male) |
| 24:03 | Construir | Farm |
| 24:05 | Construir | Farm |
| 24:06 | Construir | Farm |
| 24:14 | Construir | Farm |
| 24:21 | Construir | Farm |
| 24:23 | Crear | Villager (Male) |
| 24:23 | Crear | Villager (Male) |
| 24:23 | Crear | Villager (Male) |
| 24:24 | Crear | Villager (Male) |
| 24:30 | Crear | Villager (Male) |
| 24:32 | Crear | Villager (Male) |
| 24:38 | Construir | House |
| 24:40 | Construir | House |
| 24:41 | Construir | House |
| 24:47 | Construir | House |
| 24:48 | Crear | Villager (Male) |
| 24:48 | Crear | Villager (Male) |
| 25:02 | Crear | Villager (Male) |
| 25:12 | Crear | Villager (Male) |
| 25:15 | Construir | Farm |
| 25:16 | Construir | Farm |
| 25:16 | Construir | Farm |
| 25:22 | Construir | Farm |
| 25:32 | Investigar | Wheelbarrow |
| 25:35 | Crear | Villager (Male) |
| 25:36 | Crear | Villager (Male) |
| 25:42 | Investigar | Stone Mining |
| 25:42 | Investigar | Gold Mining |
| 25:42 | Investigar | Gold Mining |
| 25:48 | Construir | Farm |
| 25:48 | Construir | Farm |
| 25:48 | Construir | Farm |
| 25:49 | Construir | Farm |
| 25:52 | Crear | Villager (Male) |
| 26:00 | Construir | Farm |
| 26:07 | Crear | Villager (Male) |
| 26:09 | Crear | Villager (Male) |
| 26:10 | Crear | Villager (Male) |
| 26:14 | Crear | Villager (Male) |
| 26:14 | Crear | Villager (Male) |
| 26:18 | Crear | Villager (Male) |
| 26:18 | Crear | Villager (Male) |
Build order — 天骰
Primeras 150 de 450 acciones detectadas
| 0:36 | Construir | House |
| 0:37 | Construir | House |
| 0:42 | Construir | Lumber Camp |
| 1:15 | Construir | Town Center |
| 4:03 | Crear | Villager (Male) |
| 4:03 | Crear | Villager (Male) |
| 4:17 | Crear | Villager (Male) |
| 4:17 | Crear | Villager (Male) |
| 5:35 | Crear | Villager (Male) |
| 6:08 | Crear | Villager (Male) |
| 6:08 | Crear | Villager (Male) |
| 6:33 | Crear | Villager (Male) |
| 6:33 | Crear | Villager (Male) |
| 6:50 | Crear | Villager (Male) |
| 6:50 | Crear | Villager (Male) |
| 6:51 | Crear | Villager (Male) |
| 7:12 | Crear | Villager (Male) |
| 7:13 | Crear | Villager (Male) |
| 7:49 | Crear | Villager (Male) |
| 7:52 | Construir | House |
| 8:07 | Crear | Villager (Male) |
| 8:34 | Crear | Villager (Male) |
| 9:04 | Investigar | Loom |
| 9:05 | Investigar | Loom |
| 9:30 | Crear | Villager (Male) |
| 9:52 | Crear | Villager (Male) |
| 10:34 | Crear | Villager (Male) |
| 11:01 | Construir | House |
| 11:05 | Crear | Villager (Male) |
| 11:26 | Crear | Villager (Male) |
| 11:44 | Crear | Villager (Male) |
| 11:45 | Crear | Villager (Male) |
| 12:03 | Construir | Mill |
| 12:18 | Construir | Mining Camp |
| 12:39 | Crear | Villager (Male) |
| 12:39 | Crear | Villager (Male) |
| 12:40 | Crear | Villager (Male) |
| 12:51 | Construir | House |
| 12:52 | Construir | Mining Camp |
| 13:39 | Investigar | Feudal Age |
| 13:39 | Investigar | Feudal Age |
| 13:46 | Construir | Farm |
| 13:46 | Construir | Farm |
| 13:47 | Construir | Farm |
| 13:48 | Construir | Farm |
| 13:48 | Construir | Farm |
| 13:51 | Construir | Farm |
| 15:17 | Crear | Villager (Male) |
| 15:17 | Crear | Villager (Male) |
| 15:49 | Edad | Edad Feudal |
| 15:50 | Construir | Market |
| 15:56 | Construir | Blacksmith |
| 17:25 | Investigar | Castle Age |
| 17:25 | Investigar | Castle Age |
| 19:39 | Crear | Villager (Male) |
| 19:49 | Construir | Farm |
| 19:49 | Construir | Farm |
| 19:49 | Construir | Farm |
| 19:49 | Construir | Farm |
| 19:49 | Construir | Farm |
| 20:05 | Edad | Edad de los Castillos |
| 20:08 | Construir | Castle |
| 20:20 | Construir | Building 796 |
| 20:33 | Construir | Siege Workshop |
| 20:41 | Crear | Villager (Male) |
| 21:02 | Crear | Villager (Male) |
| 21:18 | Crear | Battering Ram |
| 21:39 | Crear | Villager (Male) |
| 21:57 | Construir | Lumber Camp |
| 22:05 | Crear | Gbeto |
| 22:05 | Crear | Gbeto |
| 22:10 | Investigar | Fletching |
| 22:10 | Investigar | Fletching |
| 22:21 | Crear | Gbeto |
| 22:21 | Crear | Gbeto |
| 22:30 | Construir | Farm |
| 22:30 | Construir | Farm |
| 22:32 | Crear | Gbeto |
| 22:44 | Crear | Gbeto |
| 22:54 | Crear | Villager (Male) |
| 23:01 | Crear | Gbeto |
| 23:27 | Crear | Gbeto |
| 23:49 | Crear | Villager (Male) |
| 24:00 | Crear | Gbeto |
| 24:03 | Crear | Battering Ram |
| 24:39 | Crear | Gbeto |
| 24:39 | Crear | Gbeto |
| 24:47 | Crear | Villager (Male) |
| 25:02 | Crear | Gbeto |
| 25:11 | Crear | Gbeto |
| 25:31 | Construir | Castle |
| 25:41 | Crear | Villager (Male) |
| 25:42 | Crear | Villager (Male) |
| 26:04 | Crear | Gbeto |
| 26:22 | Construir | Farm |
| 26:22 | Construir | Farm |
| 26:27 | Crear | Villager (Male) |
| 26:46 | Construir | Farm |
| 26:47 | Construir | Farm |
| 26:50 | Construir | Farm |
| 26:50 | Construir | Farm |
| 27:00 | Crear | Gbeto |
| 27:03 | Construir | Farm |
| 27:24 | Construir | Farm |
| 27:30 | Crear | Gbeto |
| 27:33 | Construir | Farm |
| 27:38 | Construir | Mill |
| 27:50 | Construir | Farm |
| 28:03 | Crear | Gbeto |
| 28:03 | Crear | Gbeto |
| 28:06 | Construir | Farm |
| 28:25 | Crear | Gbeto |
| 28:26 | Crear | Gbeto |
| 28:39 | Crear | Gbeto |
| 28:39 | Crear | Gbeto |
| 29:25 | Crear | Gbeto |
| 29:27 | Crear | Gbeto |
| 29:27 | Crear | Gbeto |
| 29:29 | Crear | Villager (Male) |
| 29:29 | Crear | Villager (Male) |
| 29:51 | Crear | Gbeto |
| 29:52 | Crear | Gbeto |
| 30:34 | Crear | Gbeto |
| 30:34 | Crear | Gbeto |
| 30:35 | Crear | Villager (Male) |
| 30:42 | Construir | Farm |
| 30:42 | Construir | Farm |
| 30:42 | Construir | Farm |
| 31:04 | Crear | Gbeto |
| 31:06 | Crear | Gbeto |
| 31:07 | Crear | Gbeto |
| 31:31 | Crear | Gbeto |
| 31:32 | Crear | Gbeto |
| 31:43 | Construir | Farm |
| 31:45 | Crear | Gbeto |
| 31:45 | Crear | Gbeto |
| 31:45 | Crear | Gbeto |
| 32:01 | Crear | Villager (Male) |
| 32:06 | Crear | Gbeto |
| 32:06 | Crear | Gbeto |
| 32:22 | Crear | Gbeto |
| 32:32 | Crear | Gbeto |
| 32:32 | Crear | Gbeto |
| 32:36 | Crear | Villager (Male) |
| 33:36 | Crear | Villager (Male) |
| 33:37 | Crear | Gbeto |
| 33:37 | Crear | Gbeto |
| 33:38 | Crear | Gbeto |
| 33:38 | Crear | Gbeto |
| 33:50 | Crear | Villager (Male) |
Build order — 馬摩
Primeras 150 de 764 acciones detectadas
| 0:45 | Construir | Town Center |
| 1:35 | Construir | House |
| 2:49 | Crear | Villager (Male) ×4 |
| 4:00 | Investigar | Loom |
| 4:02 | Crear | Villager (Male) |
| 4:02 | Crear | Villager (Male) |
| 4:26 | Crear | Villager (Male) |
| 4:26 | Crear | Villager (Male) |
| 4:47 | Crear | Villager (Male) |
| 4:52 | Construir | House |
| 4:58 | Construir | Palisade Wall |
| 5:10 | Crear | Villager (Male) |
| 5:21 | Crear | Villager (Male) |
| 5:21 | Crear | Villager (Male) |
| 5:52 | Crear | Villager (Male) |
| 5:52 | Crear | Villager (Male) |
| 6:19 | Crear | Villager (Male) |
| 6:19 | Crear | Villager (Male) |
| 6:35 | Construir | Mill |
| 6:40 | Crear | Villager (Male) |
| 7:01 | Crear | Villager (Male) |
| 7:01 | Crear | Villager (Male) |
| 7:14 | Crear | Villager (Male) |
| 7:14 | Crear | Villager (Male) |
| 7:21 | Construir | House |
| 7:33 | Crear | Villager (Male) |
| 8:05 | Construir | Mill |
| 8:13 | Crear | Villager (Male) |
| 8:13 | Crear | Villager (Male) |
| 8:41 | Crear | Villager (Male) |
| 8:53 | Crear | Villager (Male) |
| 9:38 | Construir | House |
| 10:26 | Crear | Villager (Male) |
| 10:47 | Crear | Villager (Male) |
| 10:52 | Construir | Mining Camp |
| 11:07 | Crear | Villager (Male) |
| 11:26 | Investigar | Feudal Age |
| 12:13 | Construir | Mining Camp |
| 12:53 | Crear | Villager (Male) |
| 12:53 | Crear | Villager (Male) |
| 13:03 | Construir | House |
| 13:04 | Construir | Palisade Wall |
| 13:07 | Construir | Palisade Wall |
| 13:07 | Construir | Palisade Wall |
| 13:20 | Construir | Palisade Wall |
| 13:20 | Construir | Palisade Wall |
| 13:45 | Construir | Mill |
| 14:04 | Edad | Edad Feudal |
| 14:21 | Crear | Villager (Male) |
| 14:24 | Construir | Blacksmith |
| 14:51 | Construir | Palisade Wall |
| 14:52 | Construir | Palisade Wall |
| 14:56 | Crear | Villager (Male) |
| 15:20 | Construir | Market |
| 15:29 | Construir | House |
| 16:33 | Investigar | Castle Age |
| 16:35 | Construir | Outpost |
| 16:51 | Construir | Outpost |
| 17:32 | Investigar | Horse Collar |
| 17:32 | Investigar | Horse Collar |
| 17:36 | Construir | Farm |
| 17:54 | Construir | Outpost |
| 17:59 | Construir | Palisade Wall |
| 18:30 | Crear | Villager (Male) |
| 18:52 | Construir | Palisade Gate |
| 18:54 | Construir | Palisade Gate |
| 19:13 | Edad | Edad de los Castillos |
| 19:21 | Construir | Castle |
| 19:25 | Investigar | Heavy Plow |
| 19:25 | Crear | Villager (Male) |
| 19:26 | Crear | Villager (Male) |
| 19:29 | Construir | Farm |
| 19:30 | Construir | Farm |
| 19:32 | Construir | Farm |
| 19:42 | Construir | Stone Wall |
| 19:44 | Construir | Stone Wall |
| 19:45 | Crear | Villager (Male) |
| 20:07 | Crear | Villager (Male) |
| 20:24 | Crear | Arambai |
| 20:25 | Crear | Arambai |
| 20:33 | Construir | Farm |
| 20:34 | Construir | Farm |
| 20:35 | Crear | Villager (Male) |
| 20:39 | Crear | Arambai |
| 20:50 | Crear | Villager (Male) |
| 20:53 | Crear | Arambai |
| 20:57 | Crear | Villager (Male) |
| 21:08 | Construir | Farm |
| 21:15 | Crear | Arambai |
| 21:26 | Crear | Arambai |
| 21:26 | Crear | Villager (Male) |
| 21:59 | Crear | Arambai |
| 21:59 | Crear | Villager (Male) |
| 22:09 | Crear | Arambai |
| 22:09 | Crear | Villager (Male) |
| 22:18 | Crear | Villager (Male) |
| 22:26 | Crear | Arambai |
| 22:38 | Crear | Arambai |
| 22:39 | Crear | Villager (Male) |
| 23:05 | Crear | Villager (Male) |
| 23:06 | Crear | Arambai |
| 23:14 | Crear | Villager (Male) |
| 23:32 | Construir | Stone Wall |
| 23:38 | Construir | Stone Wall |
| 23:42 | Crear | Villager (Male) |
| 23:57 | Construir | Town Center |
| 24:02 | Construir | Farm |
| 24:07 | Crear | Arambai |
| 24:15 | Investigar | Padded Archer Armor |
| 24:30 | Crear | Arambai |
| 25:01 | Construir | Outpost |
| 25:12 | Construir | Stone Wall |
| 25:14 | Construir | Stone Wall |
| 25:17 | Construir | House |
| 25:18 | Construir | House |
| 25:19 | Crear | Villager (Male) |
| 25:20 | Crear | Arambai |
| 25:30 | Crear | Villager (Male) |
| 25:33 | Construir | Farm |
| 25:36 | Construir | Town Center |
| 25:44 | Crear | Arambai |
| 25:44 | Crear | Villager (Male) |
| 25:48 | Crear | Villager (Male) |
| 26:02 | Crear | Villager (Male) |
| 26:10 | Construir | Farm |
| 26:13 | Construir | Farm |
| 26:14 | Construir | Farm |
| 26:15 | Crear | Villager (Male) |
| 26:20 | Crear | Arambai |
| 26:33 | Crear | Arambai |
| 26:48 | Crear | Villager (Male) |
| 26:49 | Crear | Arambai |
| 26:55 | Crear | Arambai |
| 27:11 | Crear | Villager (Male) |
| 27:12 | Crear | Arambai |
| 27:20 | Crear | Villager (Male) |
| 27:21 | Crear | Villager (Male) |
| 27:23 | Construir | Farm |
| 27:24 | Construir | Farm |
| 27:40 | Crear | Villager (Male) |
| 27:42 | Crear | Arambai |
| 27:54 | Crear | Villager (Male) |
| 27:58 | Construir | Mining Camp |
| 28:02 | Crear | Arambai |
| 28:13 | Crear | Villager (Male) |
| 28:13 | Crear | Villager (Male) |
| 28:15 | Crear | Arambai |
| 28:15 | Crear | Villager (Male) |
| 28:15 | Crear | Villager (Male) |
| 28:19 | Construir | Farm |
Build order — Jeta
Primeras 150 de 398 acciones detectadas
| 0:56 | Construir | Town Center |
| 1:30 | Construir | House |
| 3:15 | Crear | Villager (Male) |
| 3:16 | Crear | Villager (Male) |
| 3:16 | Crear | Villager (Male) |
| 3:26 | Crear | Villager (Male) |
| 3:27 | Crear | Villager (Male) |
| 4:49 | Construir | House |
| 4:51 | Crear | Villager (Male) |
| 4:51 | Crear | Villager (Male) |
| 5:06 | Crear | Villager (Male) |
| 5:41 | Construir | Mill |
| 5:48 | Crear | Villager (Male) |
| 6:21 | Crear | Villager (Male) |
| 6:21 | Crear | Villager (Male) |
| 7:00 | Crear | Villager (Male) |
| 7:28 | Crear | Villager (Male) |
| 7:34 | Construir | House |
| 7:51 | Crear | Villager (Male) |
| 8:17 | Construir | House |
| 8:23 | Construir | House |
| 8:29 | Crear | Villager (Male) |
| 8:37 | Construir | House |
| 9:01 | Crear | Villager (Male) |
| 9:02 | Crear | Villager (Male) |
| 9:02 | Crear | Villager (Male) |
| 9:07 | Construir | House |
| 9:10 | Crear | Villager (Male) |
| 9:43 | Crear | Villager (Male) |
| 9:49 | Construir | Lumber Camp |
| 9:57 | Crear | Villager (Male) |
| 10:11 | Crear | Villager (Male) |
| 10:11 | Crear | Villager (Male) |
| 10:13 | Crear | Villager (Male) |
| 10:19 | Crear | Villager (Male) |
| 10:24 | Construir | House |
| 10:38 | Construir | House |
| 11:04 | Crear | Villager (Male) |
| 11:27 | Investigar | Loom |
| 11:35 | Construir | Mining Camp |
| 11:41 | Crear | Villager (Male) |
| 12:19 | Investigar | Feudal Age |
| 13:54 | Construir | Mill |
| 14:29 | Edad | Edad Feudal |
| 14:32 | Construir | Market |
| 14:40 | Construir | Blacksmith |
| 14:49 | Construir | Blacksmith |
| 14:55 | Crear | Villager (Male) |
| 15:12 | Construir | Farm |
| 15:14 | Construir | Farm |
| 15:17 | Construir | Farm |
| 16:06 | Investigar | Castle Age |
| 16:53 | Investigar | Double-Bit Axe |
| 16:53 | Investigar | Double-Bit Axe |
| 17:10 | Construir | Outpost |
| 17:57 | Construir | Outpost |
| 18:11 | Crear | Villager (Male) |
| 18:33 | Construir | House |
| 18:38 | Construir | House |
| 18:46 | Edad | Edad de los Castillos |
| 18:50 | Crear | Villager (Male) |
| 19:22 | Construir | House |
| 19:47 | Construir | Castle |
| 19:51 | Investigar | Fletching |
| 19:51 | Investigar | Fletching |
| 20:14 | Construir | Farm |
| 20:22 | Crear | Villager (Male) |
| 20:27 | Construir | House |
| 21:18 | Crear | Organ Gun ×5 |
| 21:43 | Crear | Villager (Male) |
| 22:49 | Crear | Villager (Male) |
| 23:09 | Construir | Mining Camp |
| 23:30 | Crear | Villager (Male) |
| 23:32 | Crear | Organ Gun |
| 23:53 | Crear | Villager (Male) |
| 24:37 | Construir | University |
| 24:40 | Construir | Farm |
| 25:19 | Construir | Farm |
| 25:30 | Investigar | Murder Holes |
| 25:30 | Investigar | Murder Holes |
| 25:39 | Crear | Organ Gun |
| 25:40 | Crear | Villager (Male) |
| 25:59 | Crear | Organ Gun |
| 26:44 | Crear | Organ Gun |
| 26:44 | Crear | Organ Gun |
| 26:46 | Crear | Villager (Male) |
| 27:00 | Crear | Villager (Male) |
| 27:16 | Construir | Town Center |
| 27:27 | Crear | Villager (Male) |
| 27:54 | Crear | Organ Gun |
| 27:57 | Crear | Villager (Male) |
| 28:08 | Crear | Villager (Male) |
| 28:58 | Crear | Organ Gun |
| 28:59 | Crear | Organ Gun |
| 29:12 | Crear | Villager (Male) |
| 29:12 | Crear | Villager (Male) |
| 29:16 | Construir | Farm |
| 29:17 | Construir | Farm |
| 29:19 | Construir | Farm |
| 30:14 | Investigar | Bow Saw |
| 30:36 | Construir | Mining Camp |
| 30:47 | Crear | Villager (Male) |
| 30:54 | Investigar | Horse Collar |
| 30:54 | Investigar | Horse Collar |
| 31:15 | Crear | Villager (Male) |
| 31:15 | Crear | Villager (Male) |
| 31:22 | Construir | Barracks |
| 31:28 | Crear | Villager (Male) |
| 31:41 | Crear | Organ Gun ×5 |
| 31:55 | Construir | Farm |
| 31:56 | Construir | Farm |
| 32:01 | Construir | Farm |
| 32:02 | Construir | Farm |
| 32:02 | Construir | Farm |
| 32:02 | Construir | Farm |
| 32:02 | Construir | Farm |
| 32:02 | Construir | Farm |
| 32:18 | Crear | Villager (Male) |
| 32:35 | Construir | Stable |
| 32:42 | Crear | Villager (Male) |
| 32:49 | Crear | Organ Gun |
| 32:59 | Construir | Farm |
| 32:59 | Construir | Farm |
| 32:59 | Construir | Farm |
| 32:59 | Construir | Farm |
| 33:10 | Crear | Villager (Male) |
| 33:26 | Construir | Outpost |
| 33:30 | Crear | Knight |
| 33:45 | Crear | Villager (Male) |
| 33:45 | Crear | Villager (Male) |
| 33:47 | Investigar | Scale Barding Armor |
| 33:50 | Construir | House |
| 33:56 | Construir | House |
| 33:56 | Construir | House |
| 33:57 | Construir | House |
| 34:20 | Construir | House |
| 34:40 | Construir | Monastery |
| 34:43 | Crear | Villager (Male) |
| 34:44 | Crear | Villager (Male) |
| 34:46 | Construir | Outpost |
| 34:48 | Investigar | Town Watch |
| 34:48 | Investigar | Town Watch |
| 34:54 | Crear | Organ Gun |
| 34:54 | Crear | Organ Gun |
| 34:54 | Crear | Organ Gun |
| 34:54 | Crear | Organ Gun |
| 35:03 | Crear | Scout Cavalry |
| 35:11 | Investigar | Devotion |
| 35:17 | Construir | House |
| 35:22 | Crear | Villager (Male) |
Build order — AgeOf59_GrandpaTV
Primeras 150 de 502 acciones detectadas
| 0:38 | Construir | Town Center |
| 3:00 | Crear | Villager (Male) |
| 3:00 | Crear | Villager (Male) |
| 3:00 | Crear | Villager (Male) |
| 3:00 | Crear | Villager (Male) |
| 3:00 | Crear | Villager (Male) |
| 3:22 | Construir | House |
| 4:34 | Crear | Villager (Male) |
| 4:45 | Investigar | Loom |
| 5:33 | Crear | Villager (Male) |
| 5:34 | Crear | Villager (Male) |
| 5:58 | Crear | Villager (Male) |
| 6:12 | Construir | House |
| 6:30 | Crear | Villager (Male) |
| 6:30 | Crear | Villager (Male) |
| 6:51 | Crear | Villager (Male) |
| 7:04 | Construir | Mill |
| 7:11 | Crear | Villager (Male) |
| 7:12 | Crear | Villager (Male) |
| 7:44 | Crear | Villager (Male) |
| 8:05 | Crear | Villager (Male) |
| 8:25 | Crear | Villager (Male) |
| 8:31 | Construir | House |
| 9:10 | Crear | Villager (Male) |
| 9:10 | Crear | Villager (Male) |
| 9:22 | Crear | Villager (Male) |
| 9:22 | Crear | Villager (Male) |
| 9:44 | Construir | House |
| 10:37 | Crear | Villager (Male) |
| 10:52 | Crear | Villager (Male) |
| 10:57 | Construir | Mining Camp |
| 11:13 | Construir | Mill |
| 11:17 | Crear | Villager (Male) |
| 12:02 | Crear | Villager (Male) |
| 12:43 | Crear | Villager (Male) |
| 12:53 | Construir | Barracks |
| 13:03 | Investigar | Feudal Age |
| 14:07 | Construir | House |
| 14:59 | Crear | Villager (Male) |
| 15:18 | Edad | Edad Feudal |
| 15:23 | Construir | Town Center |
| 15:34 | Crear | Villager (Male) |
| 15:37 | Construir | Lumber Camp |
| 15:52 | Crear | Villager (Male) |
| 16:09 | Construir | Blacksmith |
| 16:11 | Crear | Villager (Male) |
| 16:21 | Investigar | Horse Collar |
| 16:36 | Crear | Spearman |
| 16:37 | Crear | Villager (Male) |
| 16:39 | Construir | Farm |
| 16:43 | Construir | Farm |
| 16:44 | Crear | Villager (Male) |
| 17:05 | Construir | Farm |
| 17:09 | Construir | Farm |
| 17:16 | Construir | Farm |
| 17:33 | Construir | House |
| 17:37 | Construir | Farm |
| 17:39 | Crear | Spearman |
| 17:45 | Construir | Farm |
| 17:59 | Construir | Farm |
| 18:02 | Construir | House |
| 18:06 | Construir | Palisade Wall |
| 18:08 | Crear | Villager (Male) |
| 18:16 | Construir | Farm |
| 18:28 | Construir | Farm |
| 18:35 | Crear | Spearman |
| 18:37 | Crear | Villager (Male) |
| 18:58 | Construir | House |
| 19:05 | Construir | House |
| 19:09 | Crear | Spearman |
| 19:10 | Crear | Villager (Male) |
| 19:13 | Construir | Farm |
| 19:23 | Construir | Market |
| 19:26 | Crear | Villager (Male) |
| 19:40 | Construir | Farm |
| 19:43 | Investigar | Double-Bit Axe |
| 19:54 | Construir | Farm |
| 19:55 | Crear | Villager (Male) |
| 20:07 | Construir | Farm |
| 20:09 | Crear | Villager (Male) |
| 20:20 | Construir | Farm |
| 20:28 | Crear | Villager (Male) |
| 20:32 | Construir | Farm |
| 20:39 | Construir | Farm |
| 20:42 | Construir | House |
| 20:43 | Construir | House |
| 20:46 | Crear | Villager (Male) |
| 20:59 | Construir | Mill |
| 21:00 | Construir | Farm |
| 21:01 | Construir | Farm |
| 21:01 | Construir | Farm |
| 21:01 | Construir | Farm |
| 21:22 | Construir | Farm |
| 21:25 | Construir | Farm |
| 21:33 | Crear | Villager (Male) |
| 21:45 | Construir | Farm |
| 21:54 | Construir | Farm |
| 22:23 | Crear | Villager (Male) |
| 22:34 | Crear | Villager (Male) |
| 22:49 | Construir | Stable |
| 22:54 | Crear | Villager (Male) |
| 22:58 | Crear | Villager (Male) |
| 23:03 | Crear | Spearman |
| 23:13 | Construir | Farm |
| 23:38 | Construir | Farm |
| 23:50 | Investigar | Castle Age |
| 24:01 | Construir | Archery Range |
| 24:11 | Construir | House |
| 24:15 | Construir | House |
| 24:24 | Construir | Palisade Wall |
| 24:29 | Crear | Villager (Male) |
| 24:56 | Crear | Villager (Male) |
| 25:13 | Investigar | Scale Barding Armor |
| 25:18 | Construir | House |
| 25:19 | Construir | House |
| 25:23 | Crear | Villager (Male) |
| 25:28 | Investigar | Forging |
| 25:46 | Investigar | Bloodlines |
| 26:00 | Construir | House |
| 26:02 | Crear | Villager (Male) |
| 26:30 | Edad | Edad de los Castillos |
| 26:37 | Crear | Knight |
| 26:37 | Crear | Knight |
| 26:48 | Crear | Villager (Male) |
| 26:57 | Investigar | Wheelbarrow |
| 27:19 | Construir | Siege Workshop |
| 27:21 | Crear | Villager (Male) |
| 27:30 | Crear | Villager (Male) |
| 27:36 | Crear | Villager (Male) |
| 27:36 | Crear | Villager (Male) |
| 27:51 | Crear | Knight |
| 28:06 | Crear | Scorpion |
| 28:13 | Crear | Villager (Male) |
| 28:14 | Crear | Villager (Male) |
| 28:27 | Crear | Villager (Male) |
| 28:27 | Crear | Villager (Male) |
| 28:35 | Crear | Scorpion |
| 28:38 | Crear | Villager (Male) |
| 29:02 | Crear | Villager (Male) |
| 29:04 | Crear | Villager (Male) |
| 29:04 | Crear | Villager (Male) |
| 29:12 | Crear | Knight |
| 29:12 | Crear | Knight |
| 29:12 | Crear | Villager (Male) |
| 29:12 | Crear | Villager (Male) |
| 29:15 | Crear | Villager (Male) |
| 29:21 | Crear | Scorpion |
| 29:21 | Crear | Scorpion |
| 29:25 | Crear | Villager (Male) |
| 29:25 | Crear | Villager (Male) |
Build order — 麻辣牛牛
Primeras 150 de 681 acciones detectadas
| 0:27 | Construir | House |
| 0:42 | Construir | Town Center |
| 0:56 | Construir | Lumber Camp |
| 2:50 | Crear | Villager (Male) |
| 2:50 | Crear | Villager (Male) |
| 2:50 | Crear | Villager (Male) |
| 2:50 | Crear | Villager (Male) |
| 2:51 | Crear | Villager (Male) |
| 3:43 | Construir | House |
| 4:17 | Crear | Villager (Male) |
| 4:17 | Crear | Villager (Male) |
| 4:35 | Investigar | Loom |
| 5:04 | Construir | House |
| 5:15 | Crear | Villager (Male) |
| 5:16 | Crear | Villager (Male) |
| 5:16 | Crear | Villager (Male) |
| 5:43 | Crear | Villager (Male) |
| 6:42 | Construir | House |
| 6:57 | Crear | Villager (Male) |
| 6:57 | Crear | Villager (Male) |
| 7:28 | Crear | Villager (Male) |
| 7:28 | Crear | Villager (Male) |
| 8:01 | Construir | Mill |
| 8:34 | Construir | Mill |
| 8:37 | Crear | Villager (Male) |
| 8:37 | Crear | Villager (Male) |
| 8:48 | Construir | House |
| 8:54 | Crear | Villager (Male) |
| 9:10 | Crear | Villager (Male) |
| 9:11 | Crear | Villager (Male) |
| 9:11 | Crear | Villager (Male) |
| 9:11 | Crear | Villager (Male) |
| 9:14 | Crear | Villager (Male) |
| 10:05 | Construir | House |
| 10:08 | Crear | Villager (Male) |
| 10:09 | Crear | Villager (Male) |
| 10:23 | Construir | Mill |
| 11:12 | Crear | Villager (Male) |
| 11:42 | Construir | Mill |
| 11:45 | Crear | Villager (Male) |
| 12:26 | Construir | Mill |
| 12:53 | Investigar | Feudal Age |
| 12:56 | Construir | Mining Camp |
| 12:59 | Crear | Villager (Male) |
| 13:33 | Crear | Villager (Male) |
| 14:11 | Edad | Edad Feudal |
| 14:27 | Investigar | Double-Bit Axe |
| 14:29 | Crear | Villager (Male) |
| 14:35 | Construir | House |
| 14:54 | Crear | Villager (Male) |
| 15:03 | Construir | Mill |
| 15:32 | Construir | Market |
| 15:43 | Crear | Villager (Male) |
| 15:50 | Investigar | Wheelbarrow |
| 16:32 | Investigar | Horse Collar |
| 16:36 | Construir | House |
| 16:41 | Crear | Villager (Male) |
| 16:41 | Crear | Villager (Male) |
| 16:52 | Construir | Mining Camp |
| 17:26 | Crear | Villager (Male) |
| 17:49 | Crear | Villager (Male) |
| 18:18 | Crear | Villager (Male) |
| 18:30 | Construir | Blacksmith |
| 18:45 | Crear | Villager (Male) |
| 19:07 | Investigar | Castle Age |
| 19:07 | Investigar | Castle Age |
| 19:11 | Investigar | Gold Mining |
| 20:08 | Crear | Villager (Male) |
| 20:09 | Crear | Villager (Male) |
| 20:47 | Edad | Edad de los Castillos |
| 21:21 | Construir | Town Center |
| 21:29 | Construir | Castle |
| 21:37 | Construir | Castle |
| 21:42 | Crear | Villager (Male) |
| 21:42 | Crear | Villager (Male) |
| 21:42 | Crear | Villager (Male) |
| 23:34 | Crear | Villager (Male) |
| 23:34 | Crear | Villager (Male) |
| 23:35 | Crear | Villager (Male) |
| 23:35 | Crear | Villager (Male) |
| 24:02 | Crear | Villager (Male) |
| 24:02 | Crear | Villager (Male) |
| 24:04 | Crear | Villager (Male) |
| 24:04 | Crear | Villager (Male) |
| 24:07 | Construir | Farm |
| 24:08 | Construir | Farm |
| 24:10 | Construir | Farm |
| 24:13 | Construir | Farm |
| 24:18 | Construir | Farm |
| 24:19 | Construir | Farm |
| 24:45 | Crear | Villager (Male) |
| 24:45 | Crear | Villager (Male) |
| 24:49 | Construir | Farm |
| 24:51 | Construir | Farm |
| 24:55 | Construir | Farm |
| 24:57 | Construir | Farm |
| 24:59 | Crear | Villager (Male) |
| 24:59 | Crear | Villager (Male) |
| 25:06 | Construir | Town Center |
| 25:11 | Construir | Farm |
| 25:18 | Construir | Farm |
| 25:20 | Crear | Villager (Male) |
| 25:20 | Crear | Villager (Male) |
| 25:21 | Crear | Villager (Male) |
| 25:48 | Investigar | Bow Saw |
| 25:57 | Crear | Villager (Male) |
| 25:57 | Crear | Villager (Male) |
| 26:25 | Construir | Lumber Camp |
| 26:32 | Investigar | Forging |
| 26:44 | Construir | Farm |
| 26:45 | Crear | Villager (Male) |
| 26:45 | Crear | Villager (Male) |
| 26:54 | Crear | Villager (Male) |
| 26:55 | Crear | Villager (Male) |
| 26:57 | Crear | Villager (Male) |
| 26:57 | Crear | Villager (Male) |
| 27:02 | Construir | Farm |
| 27:22 | Construir | Farm |
| 27:25 | Crear | Villager (Male) |
| 27:26 | Crear | Villager (Male) |
| 27:28 | Construir | Farm |
| 27:32 | Construir | Farm |
| 27:49 | Crear | Villager (Male) |
| 27:50 | Crear | Villager (Male) |
| 27:52 | Crear | Villager (Male) |
| 27:54 | Construir | Farm |
| 27:58 | Construir | Farm |
| 28:05 | Crear | Villager (Male) |
| 28:05 | Crear | Villager (Male) |
| 28:25 | Crear | Villager (Male) |
| 28:25 | Crear | Villager (Male) |
| 28:54 | Crear | Villager (Male) |
| 28:54 | Crear | Villager (Male) |
| 29:09 | Construir | Siege Workshop |
| 29:11 | Crear | Villager (Male) |
| 29:11 | Crear | Villager (Male) |
| 29:19 | Construir | Town Center |
| 29:32 | Crear | Villager (Male) |
| 29:32 | Crear | Villager (Male) |
| 29:32 | Crear | Villager (Male) |
| 29:36 | Construir | Lumber Camp |
| 29:43 | Crear | Villager (Male) |
| 29:43 | Crear | Villager (Male) |
| 30:05 | Construir | House |
| 30:06 | Construir | House |
| 30:11 | Crear | Karambit Warrior |
| 30:11 | Crear | Karambit Warrior |
| 30:11 | Crear | Karambit Warrior |
| 30:12 | Crear | Karambit Warrior |
| 30:12 | Crear | Karambit Warrior |
Cronología de la partida
| 0:57 | iepsy · wall_segment Palisade Wall x1 |
| 0:59 | iepsy · wall_segment Palisade Wall x1 |
| 1:01 | iepsy · wall_segment Palisade Wall x1 |
| 1:02 | iepsy · wall_segment Palisade Wall x1 |
| 4:58 | 馬摩 · wall_segment Palisade Wall x1 |
| 8:57 | 探吉教~Iron man · wall_segment Palisade Wall x1 |
| 8:57 | 探吉教~Iron man · wall_segment Palisade Wall x1 |
| 8:58 | 探吉教~Iron man · wall_segment Palisade Wall x1 |
| 8:59 | 探吉教~Iron man · wall_segment Palisade Wall x1 |
| 9:00 | 探吉教~Iron man · wall_segment Palisade Wall x1 |
| 12:53 | AgeOf59_GrandpaTV · first_building Barracks |
| 13:04 | 馬摩 · wall_segment Palisade Wall x1 |
| 13:07 | 馬摩 · wall_segment Palisade Wall x6 |
| 13:07 | 探吉教~Iron man · first_building Barracks |
| 13:07 | 馬摩 · wall_segment Palisade Wall x3 |
| 13:20 | 馬摩 · wall_segment Palisade Wall x1 |
| 13:20 | 馬摩 · wall_segment Palisade Wall x1 |
| 14:04 | 馬摩 · age_up feudal |
| 14:11 | 麻辣牛牛 · age_up feudal |
| 14:12 | 探吉教~Iron man · age_up feudal |
| 14:24 | iepsy · wall_segment Palisade Wall x1 |
| 14:24 | 探吉教~Iron man · first_building Stable |
| 14:29 | Jeta · age_up feudal |
| 14:51 | 馬摩 · wall_segment Palisade Wall x4 |
| 14:52 | 馬摩 · wall_segment Palisade Wall x5 |
| 14:58 | 探吉教~NOMO · age_up feudal |
| 15:01 | iepsy · age_up feudal |
| 15:18 | AgeOf59_GrandpaTV · age_up feudal |
| 15:34 | Jeta · first_market_sell 100 stone |
| 15:37 | Jeta · first_market_buy 100 food |
| 15:49 | 天骰 · age_up feudal |
| 17:03 | 麻辣牛牛 · first_market_buy 100 food |
| 17:59 | 馬摩 · wall_segment Palisade Wall x1 |
| 18:06 | AgeOf59_GrandpaTV · wall_segment Palisade Wall x8 |
| 18:34 | 探吉教~NOMO · age_up castle |
| 18:46 | Jeta · age_up castle |
| 18:56 | iepsy · age_up castle |
| 19:13 | 馬摩 · age_up castle |
| 19:21 | 馬摩 · first_building Castle |
| 19:42 | 馬摩 · wall_segment Stone Wall x1 |
| 19:44 | 馬摩 · wall_segment Stone Wall x17 |
| 19:47 | Jeta · first_building Castle |
| 19:57 | iepsy · wall_segment Palisade Wall x1 |
| 20:05 | 天骰 · age_up castle |
| 20:08 | 天骰 · first_building Castle |
| 20:27 | 探吉教~Iron man · first_market_sell 100 food |
| 20:28 | 探吉教~Iron man · first_market_buy 100 stone |
| 20:33 | 天骰 · first_building Siege Workshop |
| 20:47 | 麻辣牛牛 · age_up castle |
| 21:29 | 麻辣牛牛 · first_building Castle |
| 22:49 | AgeOf59_GrandpaTV · first_building Stable |
| 22:53 | 探吉教~Iron man · age_up castle |
| 23:32 | 馬摩 · wall_segment Stone Wall x1 |
| 23:38 | 馬摩 · wall_segment Stone Wall x4 |
| 24:01 | AgeOf59_GrandpaTV · first_building Archery Range |
| 24:15 | iepsy · wall_segment Stone Wall x10 |
| 24:16 | iepsy · wall_segment Stone Wall x2 |
| 24:24 | AgeOf59_GrandpaTV · wall_segment Palisade Wall x4 |
| 24:53 | 探吉教~Iron man · first_building Monastery |
| 25:12 | 馬摩 · wall_segment Stone Wall x8 |
| 25:14 | 馬摩 · wall_segment Stone Wall x15 |
| 25:22 | 天骰 · first_market_sell 100 food |
| 25:23 | 天骰 · first_market_buy 100 stone |
| 26:14 | iepsy · first_building Barracks |
| 26:30 | 探吉教~NOMO · first_building Barracks |
| 26:30 | AgeOf59_GrandpaTV · age_up castle |
| 27:15 | 探吉教~Iron man · first_building Siege Workshop |
| 27:19 | AgeOf59_GrandpaTV · first_building Siege Workshop |
| 27:23 | iepsy · first_building Stable |
| 27:34 | 探吉教~NOMO · first_building Monastery |
| 29:09 | 麻辣牛牛 · first_building Siege Workshop |
| 29:33 | 探吉教~NOMO · first_building Castle |
| 31:22 | Jeta · first_building Barracks |
| 31:25 | iepsy · first_market_sell 100 food |
| 32:14 | 探吉教~NOMO · age_up imperial |
| 32:35 | Jeta · first_building Stable |
| 32:53 | iepsy · first_building Siege Workshop |
| 33:37 | 探吉教~Iron man · wall_segment Stone Wall x7 |
| 34:23 | 麻辣牛牛 · first_building Barracks |
| 34:40 | Jeta · first_building Monastery |
| 35:44 | iepsy · first_building Castle |
| 36:08 | 馬摩 · first_building Barracks |
| 36:21 | 馬摩 · first_market_sell 100 wood |
| 36:54 | AgeOf59_GrandpaTV · first_building Castle |
| 37:17 | iepsy · first_building Monastery |
| 37:46 | 探吉教~Iron man · first_building Castle |
| 38:25 | 探吉教~Iron man · wall_segment Stone Wall x5 |
| 39:25 | AgeOf59_GrandpaTV · first_market_buy 100 stone |
| 39:29 | 探吉教~Iron man · wall_segment Stone Wall x14 |
| 39:38 | iepsy · first_building Donjon |
| 40:05 | 麻辣牛牛 · wall_segment Stone Wall x6 |
| 40:09 | iepsy · tribute_sent a jugador 2 |
| 40:09 | iepsy · tribute_sent a jugador 3 |
| 40:09 | iepsy · tribute_sent a jugador 4 |
| 40:09 | iepsy · tribute_sent a jugador 5 |
| 40:09 | iepsy · tribute_sent a jugador 6 |
| 40:09 | iepsy · tribute_sent a jugador 7 |
| 40:09 | iepsy · tribute_sent a jugador 8 |
| 40:23 | 馬摩 · age_up imperial |
| 40:29 | 探吉教~NOMO · first_market_sell 100 wood |
| 41:31 | iepsy · tribute_sent a jugador 2 |
| 41:31 | iepsy · tribute_sent a jugador 3 |
| 41:31 | iepsy · tribute_sent a jugador 4 |
| 41:31 | iepsy · tribute_sent a jugador 5 |
| 41:31 | iepsy · tribute_sent a jugador 6 |
| 41:31 | iepsy · tribute_sent a jugador 7 |
| 41:31 | iepsy · tribute_sent a jugador 8 |
| 42:37 | iepsy · age_up imperial |
| 42:45 | 馬摩 · first_building Stable |
| 43:06 | 麻辣牛牛 · first_building Stable |
| 43:07 | 天骰 · first_building Barracks |
| 44:18 | 天骰 · first_building Stable |
| 44:42 | 麻辣牛牛 · age_up imperial |
| 45:17 | iepsy · tribute_sent a jugador 2 |
| 45:17 | iepsy · tribute_sent a jugador 3 |
| 45:17 | iepsy · tribute_sent a jugador 4 |
| 45:17 | iepsy · tribute_sent a jugador 5 |
| 45:17 | iepsy · tribute_sent a jugador 6 |
| 45:17 | iepsy · tribute_sent a jugador 7 |
| 45:17 | iepsy · tribute_sent a jugador 8 |
| 47:21 | iepsy · tribute_sent a jugador 2 |
| 47:21 | iepsy · tribute_sent a jugador 3 |
| 47:21 | iepsy · tribute_sent a jugador 4 |
| 47:21 | iepsy · tribute_sent a jugador 5 |
| 47:21 | iepsy · tribute_sent a jugador 6 |
| 47:21 | iepsy · tribute_sent a jugador 7 |
| 47:21 | iepsy · tribute_sent a jugador 8 |
| 47:38 | 探吉教~Iron man · age_up imperial |
| 48:22 | 天骰 · age_up imperial |
| 48:42 | 馬摩 · first_building Archery Range |
| 49:09 | 天骰 · tribute_sent a jugador 1 |
| 49:09 | 天骰 · tribute_sent a jugador 2 |
| 49:09 | 天骰 · tribute_sent a jugador 3 |
| 49:09 | 天骰 · tribute_sent a jugador 5 |
| 49:09 | 天骰 · tribute_sent a jugador 6 |
| 49:09 | 天骰 · tribute_sent a jugador 7 |
| 49:09 | 天骰 · tribute_sent a jugador 8 |
| 50:02 | AgeOf59_GrandpaTV · first_market_sell 100 food |
| 50:14 | 探吉教~Iron man · wall_segment Stone Wall x1 |
| 51:15 | iepsy · tribute_sent a jugador 2 |
| 51:15 | iepsy · tribute_sent a jugador 3 |
| 51:15 | iepsy · tribute_sent a jugador 4 |
| 51:15 | iepsy · tribute_sent a jugador 5 |
| 51:15 | iepsy · tribute_sent a jugador 6 |
| 51:15 | iepsy · tribute_sent a jugador 7 |
| 51:15 | iepsy · tribute_sent a jugador 8 |
| 52:54 | Jeta · age_up imperial |
| 52:58 | 馬摩 · first_market_buy 100 wood |
| 53:16 | AgeOf59_GrandpaTV · age_up imperial |
| 54:26 | iepsy · tribute_sent a jugador 2 |
| 54:26 | iepsy · tribute_sent a jugador 3 |
| 54:26 | iepsy · tribute_sent a jugador 4 |
| 54:26 | iepsy · tribute_sent a jugador 5 |
| 54:26 | iepsy · tribute_sent a jugador 6 |
| 54:26 | iepsy · tribute_sent a jugador 7 |
| 54:26 | iepsy · tribute_sent a jugador 8 |
| 57:59 | iepsy · tribute_sent a jugador 2 |
| 57:59 | iepsy · tribute_sent a jugador 3 |
| 57:59 | iepsy · tribute_sent a jugador 4 |
| 57:59 | iepsy · tribute_sent a jugador 5 |
| 57:59 | iepsy · tribute_sent a jugador 6 |
| 57:59 | iepsy · tribute_sent a jugador 7 |
| 57:59 | iepsy · tribute_sent a jugador 8 |
| 58:09 | iepsy · tribute_sent a jugador 2 |
| 58:09 | iepsy · tribute_sent a jugador 3 |
| 58:09 | iepsy · tribute_sent a jugador 4 |
| 58:09 | iepsy · tribute_sent a jugador 5 |
| 58:09 | iepsy · tribute_sent a jugador 6 |
| 58:09 | iepsy · tribute_sent a jugador 7 |
| 58:09 | iepsy · tribute_sent a jugador 8 |
| 58:22 | iepsy · tribute_sent a jugador 2 |
| 58:22 | iepsy · tribute_sent a jugador 3 |
| 58:22 | iepsy · tribute_sent a jugador 4 |
| 58:22 | iepsy · tribute_sent a jugador 5 |
| 58:22 | iepsy · tribute_sent a jugador 6 |
| 58:22 | iepsy · tribute_sent a jugador 7 |
| 58:22 | iepsy · tribute_sent a jugador 8 |
| 58:36 | iepsy · tribute_sent a jugador 2 |
| 58:36 | iepsy · tribute_sent a jugador 3 |
| 58:36 | iepsy · tribute_sent a jugador 4 |
| 58:36 | iepsy · tribute_sent a jugador 5 |
| 58:36 | iepsy · tribute_sent a jugador 6 |
| 58:36 | iepsy · tribute_sent a jugador 7 |
| 58:36 | iepsy · tribute_sent a jugador 8 |
| 59:48 | 探吉教~Iron man · tribute_sent a jugador 1 |
| 59:48 | 探吉教~Iron man · tribute_sent a jugador 3 |
| 59:48 | 探吉教~Iron man · tribute_sent a jugador 4 |
| 59:48 | 探吉教~Iron man · tribute_sent a jugador 5 |
| 59:48 | 探吉教~Iron man · tribute_sent a jugador 6 |
| 59:48 | 探吉教~Iron man · tribute_sent a jugador 7 |
| 59:48 | 探吉教~Iron man · tribute_sent a jugador 8 |
| 60:01 | iepsy · tribute_sent a jugador 2 |
| 60:01 | iepsy · tribute_sent a jugador 3 |
| 60:01 | iepsy · tribute_sent a jugador 4 |
| 60:01 | iepsy · tribute_sent a jugador 5 |
| 60:01 | iepsy · tribute_sent a jugador 6 |
| 60:01 | iepsy · tribute_sent a jugador 7 |
| 60:01 | iepsy · tribute_sent a jugador 8 |
| 60:21 | iepsy · tribute_sent a jugador 2 |
| 60:21 | iepsy · tribute_sent a jugador 3 |
| 60:21 | iepsy · tribute_sent a jugador 4 |
| 60:21 | iepsy · tribute_sent a jugador 5 |
| 60:21 | iepsy · tribute_sent a jugador 6 |
| 60:21 | iepsy · tribute_sent a jugador 7 |
| 60:21 | iepsy · tribute_sent a jugador 8 |
| 60:26 | 探吉教~Iron man · first_building Archery Range |
| 60:46 | 探吉教~Iron man · tribute_sent a jugador 1 |
| 60:46 | 探吉教~Iron man · tribute_sent a jugador 3 |
| 60:46 | 探吉教~Iron man · tribute_sent a jugador 4 |
| 60:46 | 探吉教~Iron man · tribute_sent a jugador 5 |
| 60:46 | 探吉教~Iron man · tribute_sent a jugador 6 |
| 60:46 | 探吉教~Iron man · tribute_sent a jugador 7 |
| 60:46 | 探吉教~Iron man · tribute_sent a jugador 8 |
| 63:28 | 馬摩 · tribute_sent a jugador 1 |
| 63:28 | 馬摩 · tribute_sent a jugador 2 |
| 63:28 | 馬摩 · tribute_sent a jugador 3 |
| 63:28 | 馬摩 · tribute_sent a jugador 4 |
| 63:28 | 馬摩 · tribute_sent a jugador 6 |
| 63:28 | 馬摩 · tribute_sent a jugador 7 |
| 63:28 | 馬摩 · tribute_sent a jugador 8 |
| 63:40 | iepsy · tribute_sent a jugador 2 |
| 63:40 | iepsy · tribute_sent a jugador 3 |
| 63:40 | iepsy · tribute_sent a jugador 4 |
| 63:40 | iepsy · tribute_sent a jugador 5 |
| 63:40 | iepsy · tribute_sent a jugador 6 |
| 63:40 | iepsy · tribute_sent a jugador 7 |
| 63:40 | iepsy · tribute_sent a jugador 8 |
| 65:04 | 麻辣牛牛 · resign |
[ ANÁLISIS IA · 1 CRÉDITO ]
¿Qué pasó realmente en esta partida?
Wolo.gg analiza cada decisión: build order, eco, micro, errores típicos por bracket. Análisis personalizado por WhatsApp o Discord en 30 segundos.
Guía civ
Vikingos
Guía mapa
Land Nomad
Perfil
Jugador #562007